AoeStats
← Sgt. Love

Arena

508080641Analyzed
4v4 RM · 11d ago on Sep 20, 2026· 59m 53s· 8 players
Game mode
Random Map
Map size
Large (8 player)
Population
200
Speed
Normal
Resources
Standard
Victory
Conquest
Starting age
Dark Age
Ending age
Imperial Age
RankedLock teamsTeams togetherTeam positionsShared explorationLock speedFull tech treeHidden civsTurbo modeCheats
Victory
Defeat
🇹🇷 Byzantines · Türkiye
1513
+15
🇹🇷 Armenians · Türkiye
1476
+17
🇹🇷 Bulgarians · Türkiye
1406
+20
🇹🇷 Maya · Türkiye
1364
+21
🇸🇪 Hindustanis · Sweden
1558
-20
🇺🇸 Dravidians · United States
1503
-19
🇺🇸 Teutons · United States
1456
-17
🇨🇳 Inca · China
1455
-17
Sgt. Love
9:59 Feudal Age
10:14 Feudal Age
14:16 Castle Age
12:24 Double-Bit Axe
12:44 Horse Collar
15:45 Bow Saw
16:34 Heavy Plow
18:15 Loom
20:29 Gold Mining
22:18 Wheelbarrow
21:53 Town Watch
27:12 Imperial Age
25:46 Gold Shaft Mining
26:18 Padded Archer Armor
26:41 Bloodlines
27:02 Hand Cart
27:15 Husbandry
27:34 Leather Archer Armor
27:24 Stone Mining
28:01 Forging
28:00 Scale Barding Armor
27:23 Light Cavalry
29:31 Chemistry
30:45 Ring Archer Armor
30:33 Town Patrol
30:55 Chain Barding Armor
31:02 Masonry
33:06 Plate Barding Armor
33:48 Forging
34:51 Grand Trunk Road
35:15 Conscription
35:44 Shatagni
35:56 Fletching
38:06 Scale Mail Armor
38:05 Bodkin Arrow
41:09 Hussar
42:22 Conscription
43:17 Siege Engineers
46:07 Scale Mail Armor
47:46 Bracer
48:12 Chain Mail Armor
53:41 Murder Holes
mxrider971
4:35 Loom
9:02 Loom
10:49 Feudal Age
12:45 Horse Collar
15:22 Castle Age
13:11 Double-Bit Axe
16:31 Bow Saw
19:53 Wheelbarrow
21:19 Heavy Plow
24:00 Scale Barding Armor
24:06 Forging
25:24 Hand Cart
25:50 Bloodlines
26:04 Town Watch
29:51 Imperial Age
27:44 Chain Barding Armor
28:00 Iron Casting
28:12 Caravan
30:00 Cavalier
31:42 Blast Furnace
31:19 Plate Barding Armor
31:34 Paladin
32:49 Guilds
36:56 Onager
39:14 Siege Onager
41:09 Siege Engineers
49:54 Heavy Scorpion
51:22 Ironclad
LuisDaniel123
10:26 Feudal Age
14:06 Castle Age
12:16 Double-Bit Axe
12:23 Horse Collar
15:40 Bow Saw
17:55 Loom
17:58 Town Watch
18:50 Wheelbarrow
22:18 Gold Mining
23:04 Hand Cart
24:13 Stone Mining
26:10 Scale Mail Armor
26:20 Forging
25:58 Town Watch
29:38 Imperial Age
27:28 Chain Mail Armor
27:06 Man-at-Arms
27:31 Gambesons
27:47 Squires
27:32 Arson
28:57 Iron Casting
28:41 Long Swordsman
31:41 Blast Furnace
31:12 Plate Mail Armor
31:44 Chemistry
30:11 Two-Handed Swordsman
31:48 Town Patrol
31:39 Fletching
31:22 Champion
31:47 Elite Elephant Archer
33:26 Padded Archer Armor
34:00 Ballistics
34:02 Thumb Ring
34:39 Bodkin Arrow
35:00 Leather Archer Armor
36:43 Bracer
38:40 Ring Archer Armor
39:31 Two-Man Saw
38:06 Elite Skirmisher
39:26 Elite Skirmisher
40:04 Onager
41:32 Heavy Plow
41:29 Siege Onager
41:40 Elite Skirmisher
44:18 Siege Onager
47:10 Conscription
46:57 Medical Corps
52:23 Caravan
54:25 Pikeman
55:16 Halberdier
57:25 Wootz Steel
Yucatan_water_supremacy
11:47 Feudal Age
11:01 Loom
12:53 Double-Bit Axe
15:46 Castle Age
13:58 Horse Collar
22:21 Imperial Age
20:53 Fletching
22:52 Bodkin Arrow
23:17 Crossbowman
25:54 Redemption
25:13 Capped Ram
28:59 Block Printing
34:01 Wheelbarrow
33:13 Town Watch
33:25 Champi Runner
34:05 Squires
34:07 Scale Mail Armor
34:56 Champi Warrior
37:49 Bracer
37:50 Elite Skirmisher
38:31 Padded Archer Armor
39:37 Leather Archer Armor
40:35 Fortified Wall
40:40 Guilds
41:40 Ring Archer Armor
44:10 Chain Mail Armor
44:05 Forging
43:20 Siege Ram
44:36 Ballistics
45:56 Andean Sling
46:21 Conscription
48:33 Plate Mail Armor
52:12 Caravan
52:43 Thumb Ring
[CAF] Whiskeyjack
10:50 Feudal Age
12:28 Double-Bit Axe
12:35 Horse Collar
15:32 Castle Age
14:50 Gold Mining
17:21 Bow Saw
16:59 Loom
18:24 Heavy Plow
20:17 Town Watch
21:21 Wheelbarrow
25:55 Gold Shaft Mining
25:10 Stone Mining
25:19 Stone Mining
25:46 Hand Cart
25:17 Town Watch
27:00 Ballistics
29:12 Devotion
33:19 Imperial Age
32:07 Gambesons
32:08 Arson
32:24 Squires
32:46 Fletching
32:57 Scale Mail Armor
33:07 Forging
33:08 Bodkin Arrow
33:39 Heavy Scorpion
35:17 Conscription
35:39 Siege Engineers
36:11 Gold Shaft Mining
36:10 Crop Rotation
38:02 Scale Mail Armor
38:37 Iron Casting
39:06 Chemistry
38:27 Capped Ram
39:19 Murder Holes
39:35 Masonry
41:06 Chain Mail Armor
41:51 Blast Furnace
40:52 Bracer
42:27 Caravan
42:57 Coinage
41:59 Siege Ram
43:55 Plate Mail Armor
43:33 Pikeman
44:13 Squires
43:59 Gambesons
43:59 Arson
44:01 Halberdier
48:28 Bagains
56:13 Scale Barding Armor
58:51 Bloodlines
58:41 Husbandry
58:02 Light Cavalry
[CAF] ShaHi
10:51 Feudal Age
14:58 Castle Age
13:03 Double-Bit Axe
14:18 Horse Collar
16:33 Bow Saw
20:47 Wheelbarrow
19:58 Loom
22:51 Hand Cart
22:35 Gold Mining
27:50 Imperial Age
25:46 Town Watch
26:06 Scale Mail Armor
26:23 Pikeman
27:04 Squires
27:20 Chain Mail Armor
27:16 Forging
27:34 Halberdier
28:54 Iron Casting
28:58 Conscription
28:26 Man-at-Arms
30:14 Gold Shaft Mining
29:41 Heavy Plow
29:40 Gambesons
30:40 Plate Mail Armor
33:13 Blast Furnace
33:07 Fereters
37:06 Long Swordsman
38:55 Chemistry
38:06 Masonry
37:47 Two-Handed Swordsman
40:09 Onager
41:42 Capped Ram
48:36 Siege Ram
53:48 Caravan
58:01 Champion
[CAF] Derece
0:32 Loom
11:39 Feudal Age
15:27 Castle Age
14:42 Double-Bit Axe
14:44 Horse Collar
22:22 Bow Saw
24:10 Heavy Plow
25:07 Wheelbarrow
30:06 Imperial Age
28:05 Hand Cart
28:04 Gold Mining
28:08 Stone Mining
27:45 Crossbowman
28:54 Thumb Ring
29:06 Fletching
29:17 Padded Archer Armor
29:21 Town Watch
29:53 Hul'che Javelineers
30:48 Stone Shaft Mining
32:06 Chemistry
31:30 Ballistics
31:02 Arbalester
32:12 Bodkin Arrow
32:48 Conscription
34:56 Bracer
35:12 Leather Archer Armor
35:09 Masonry
44:36 Elite Skirmisher
[CAF] JeremyTheBlack
10:31 Feudal Age
14:32 Castle Age
12:35 Horse Collar
12:41 Double-Bit Axe
15:41 Bow Saw
15:33 Heavy Plow
20:41 Wheelbarrow
21:24 Loom
23:06 Hand Cart
27:27 Imperial Age
24:51 Fletching
25:01 Padded Archer Armor
25:45 Ballistics
25:48 Elite Skirmisher
26:27 Bodkin Arrow
26:46 Gold Mining
28:21 Gold Shaft Mining
27:54 Thumb Ring
29:28 Chemistry
29:07 Bracer
29:53 Leather Archer Armor
32:39 Stone Mining
33:24 Crop Rotation
33:56 Two-Man Saw
34:43 Bombard Tower
34:46 Conscription
34:27 Greek Fire
34:22 Treadmill Crane
34:39 Murder Holes
35:15 Ring Archer Armor
38:17 Coinage
40:29 Banking
50:46 Pikeman
51:26 Squires
51:27 Scale Mail Armor
51:38 Forging
52:22 Caravan
52:37 Guilds
51:50 Halberdier
53:43 Chain Mail Armor
55:37 Stone Shaft Mining
55:35 Arson
56:24 Plate Mail Armor
56:32 Iron Casting
Connection lost

Rejoining the realm…

Still unreachable

The connection could not be restored.

Session expired

The server has moved on; the page needs a fresh start.